 Dungeon Crawl Stone Soup version 0.30-a0-451-ge042605de7 (webtiles) character file.

Game seed: 409323697514323497

377320 Zonian the Warrior (level 23, -4/184 HPs)
             Began as a Djinni Ice Elementalist on Dec 10, 2022.
             Was an Elder of Ashenzari.
             Slain by a vault guard
             ... wielding a +0 battleaxe
              (22 damage)
             ... on level 5 of the Vaults on Dec 11, 2022.
             The game lasted 05:03:09 (79078 turns).

Zonian the Warrior (Djinni Ice Elementalist)       Turns: 79078, Time: 05:03:09

Health: -4/184     AC: 16    Str: 17    XL:     23   Next: 87%
Gold:   188        EV: 20    Int: 24    God:    Ashenzari [****..] SH: 22 Dex: 22

rFire   + + +      SeeInvis +    n - +8 autumn katana {vorpal, manifold assault}
rCold   . . .      Faith    .    v - +3 kite shield of the Mantic Fetters {AC+3, Self, Melee} (curse)
rNeg    . . .      Spirit   .    V - +0 ring mail {rF+}
rPois   ∞          Reflect  +    J - +3 helmet of the Sublime Sage {rPois Regen+ Str+4, Self, Fort} (curse)
rElec   +          Harm     .    Y - scarf "Share My Affliction" {repulsion, Melee, Self} (curse)
rCorr   .          Rampage  .    H - +0 pair of fencer's gloves {Riposte Dex+3}
Will    ++...      Clarity  +    (boots unavailable)
Stlth   +++++.....               D - amulet of Ashenzari's Servitude {Reflect SH+5, Evo, Range} (curse)
HPRegen 1.30/turn                p - ring of Ashenzari's Vexation {Wiz Str+4, Melee, Range} (curse)
MPRegen 0.00/turn                a - ring of Panopticon {rElec rC+ Dex+5, Evo, Range} (curse)

@: flying, studying Armour, repel missiles
A: sickness immunity, fire resistance 2, cold vulnerability 1, float, innate
caster, HP casting, extra vitality 1, dopey 1
}: 2/15 runes: serpentine, barnacled
a: Renounce Religion, Shatter the Chains


You were on level 5 of the Vaults.
You worshipped Ashenzari.
Ashenzari was greatly pleased with you.
You visited 7 branches of the dungeon, and saw 38 of its levels.
You visited 2 bazaars.
You also visited: Ossuary, Gauntlet and Wizlab.

You collected 5487 gold pieces.
You spent 5299 gold pieces at shops.

Inventory:

Hand Weapons
 h - a +6 sling of electrocution
 n - the +8 autumn katana (weapon) {vorpal, manifold assault}
   (You found it on level 1 of the Elven Halls)

   It sometimes launches melee attacks against multiple visible enemies.
 q - the +5 short sword of Urheub {vorpal, +Blink rCorr Str+4}
   (You bought it in a shop on level 2 of the Orcish Mines)

   It inflicts extra damage upon your enemies.
   Str:       It affects your strength (+4).
   +Blink:    It lets you blink.
   rCorr:     It protects you from acid and corrosion.
 w - the +4 broad axe of Zunureih {speed, rPois rN+ Int-2 Dex+2}
   (You found it on level 15 of the Dungeon)

   Attacks with this weapon are significantly faster.
   Int:       It affects your intelligence (-2).
   Dex:       It affects your dexterity (+2).
   rPois:     It protects you from poison.
   rN:        It protects you from negative energy.
 B - the +8 Vampire's Tooth {vamp}
   (You took it off a deep elf death mage on level 3 of the Elven Halls)

   It occasionally heals its wielder for the full amount of damage dealt when it
   wounds a living foe.
Missiles
 j - 12 silver javelins
 u - 9 curare-tipped darts
 F - a throwing net
 R - 23 javelins
Armour
 v - the cursed +3 kite shield of the Mantic Fetters (worn) {AC+3, Self, Melee}
   (You took it off a tengu warrior on level 13 of the Dungeon)

   It has a curse which improves the following skills: Introspection: Fighting
   and Spellcasting.
   Melee Combat: Short Blades, Long Blades, Axes, Maces & Flails, Polearms,
   Staves and Unarmed Combat.
 y - a +2 scale mail of willpower
 H - the +0 pair of fencer's gloves (worn) {Riposte Dex+3}
   (You bought it in a shop on level 3 of the Vaults)

   It allows the wearer to riposte with melee weapons, swiftly retaliating
   against missed or blocked melee attacks.
   Dex:       It affects your dexterity (+3).
 J - the cursed +3 helmet of the Sublime Sage (worn) {rPois Regen+ Str+4, Self, Fort}
   (You found it on level 6 of the Dungeon)

   Str:       It affects your strength (+4).
   rPois:     It protects you from poison.
   Regen:     It increases your rate of health regeneration.
   It has a curse which improves the following skills: Introspection: Fighting
   and Spellcasting.
   Fortitude: Armour and Shields.
 V - a +0 ring mail of fire resistance (worn)
 Y - the cursed scarf "Share My Affliction" (worn) {repulsion, Melee, Self}
   (You found it on level 1 of the Lair of Beasts)

   It has a curse which improves the following skills: Melee Combat: Short
   Blades, Long Blades, Axes, Maces & Flails, Polearms, Staves and Unarmed
   Combat.
   Introspection: Fighting and Spellcasting.
Jewellery
 a - the cursed ring of Panopticon (right hand) {rElec rC+ Dex+5, Evo, Range}
   (You found it on level 4 of the Shoals)

   [ring of protection from cold]

   Dex:       It affects your dexterity (+5).
   rC:        It protects you from cold.
   rElec:     It insulates you from electricity.
   It has a curse which improves the following skills: Evocations: Evocations.
   Ranged Combat: Ranged Weapons and Throwing.
 o - a +6 ring of dexterity
 p - the cursed ring of Ashenzari's Vexation (left hand) {Wiz Str+4, Melee, Range}
   (You bought it in a shop on level 3 of the Vaults)

   [ring of wizardry]

   It improves your spell success rate.
   Str:       It affects your strength (+4).
   It has a curse which improves the following skills: Melee Combat: Short
   Blades, Long Blades, Axes, Maces & Flails, Polearms, Staves and Unarmed
   Combat.
   Ranged Combat: Ranged Weapons and Throwing.
 D - the cursed amulet of Ashenzari's Servitude (around neck) {Reflect SH+5, Evo, Range}
   (You found it on level 6 of the Dungeon)

   [amulet of reflection]

   It reflects blocked missile attacks.
   SH:        It affects your SH (+5).
   It has a curse which improves the following skills: Evocations: Evocations.
   Ranged Combat: Ranged Weapons and Throwing.
 E - a ring of resist corrosion
Wands
 b - a wand of digging (4)
 L - a wand of quicksilver (17)
 P - a wand of roots (5)
 Q - a wand of polymorph (18)
 S - a wand of paralysis (14)
 U - a wand of flame (85)
Scrolls
 c - 2 scrolls of fear
 d - 12 scrolls of teleportation
 e - 7 scrolls of fog
 i - 6 scrolls of blinking
 k - 5 scrolls of poison
 m - 2 scrolls of immolation
 A - a scroll of brand weapon
 I - 7 scrolls of vulnerability
 M - 5 scrolls of magic mapping
 N - 2 scrolls of silence
 Z - 2 scrolls of summoning
Potions
 f - 3 potions of haste
 g - 19 potions of curing
 l - 6 potions of heal wounds
 r - 4 potions of cancellation
 s - 5 potions of might
 t - a potion of ambrosia
 x - 6 potions of berserk rage
 z - 7 potions of brilliance
 C - 6 potions of resistance
 W - 2 potions of invisibility
Miscellaneous
 G - a lightning rod (4/4)
 K - a condenser vane
 O - a phantom mirror
 T - a box of beasts
 X - a phial of floods


   Skills:
 - Level 17.3(21.0) Fighting
 - Level 6.1(12.1) Short Blades
 - Level 11.1(15.4) Long Blades
 - Level 11.6(15.4) Ranged Weapons
 - Level 8.1(12.0) Throwing
 + Level 9.4(11.4) Armour
 + Level 13.8 Dodging
 - Level 12.0 Stealth
 - Level 11.5(13.4) Shields
 - Level 15.3(19.1) Spellcasting
 - Level 10.0(13.0) Evocations


You couldn't memorise any spells.
You knew the following spells:

 Your Spells              Type           Power      Damage    Failure   Level
a - Freeze                Ice            100%       1d10      0%          1
b - Frozen Ramparts       Ice            100%       1d16      0%          3
c - Ozocubu's Armour      Ice            86%        N/A       0%          3
d - Summon Ice Beast      Ice/Summ       86%        N/A       1%          4
e - Apportation           Tloc           100%       N/A       0%          1
f - Wereblood             Tmut           86%        N/A       0%          2
g - Call Canine Familiar  Summ           86%        N/A       0%          3
h - Airstrike             Air            43%        2d(7-23)  1%          4
i - Borgnjor's Vile Clut  Necr/Erth      43%        N/A       1%          5
j - Freezing Cloud        Conj/Ice/Air   43%        6-21      1%          5
k - Dispersal             Tloc           43%        N/A       1%          6
l - Spellforged Servitor  Conj/Summ      43%        N/A       1%          7
m - Haunt                 Necr/Summ      43%        N/A       1%          7
y - Dragon Form           Tmut           43%        N/A       1%          7
z - Conjure Ball Lightni  Conj/Air       43%        3x3d15    1%          6
Your spell library was empty.

Dungeon Overview and Level Annotations

Branches:
Dungeon (15/15)            Temple (0/1) D:7            Lair (5/5) D:11
 Shoals (4/4) Lair:3        Snake (4/4) Lair:2        Slime (0/5) Lair:5
    Orc (2/2) D:12            Elf (3/3) Orc:2        Vaults (5/5) D:14
  Crypt (0/3) Vaults:2     Depths (0/4) D:15        Ossuary (visited)
 WizLab (visited)         Gauntlet (visited)

Altars:
Ashenzari
Cheibriados
Dithmenos
Fedhas
Gozag
Nemelex Xobeh
Okawaru
Qazlal
Trog
Uskayaw
Wu Jian
Xom
Zin

Shops:
D:3 *   D:4 (*=   D:5 !   D:7 (   Orc:2 :(*[   Elf:3 *!?(   Snake:4 *=(
Vaults:2 [   Vaults:3 :*[=(   Vaults:4 =

Annotations:
Lair:2 exclusion: oklob plant
Shoals:2 Roxanne
Elf:2 exclusion: door


Innate Abilities, Weirdness & Mutations

You are immune to sickness and miasma.
You are immune to poison.
Your flesh is very heat resistant. (rF++)
You are vulnerable to cold. (rC-)
You float through the air rather than walking.
You learn spells naturally, not from books.
Your magical power is your life essence.
You have superior vitality. (+4 MHP)
You are dopey. (Int -2)


Message History

The vault guard is engulfed in blazing flames.
Flame seeps out of the vault guard.
The vault guard hits you with a +0 great mace!
The vault guard hits you with a +3 broad axe!
The vault guard is engulfed in blazing flames.
Flame seeps out of the vault guard.
The vault guard hits you with a +0 battleaxe!!
The vault guard is engulfed in blazing flames.
Flame seeps out of the vault guard.
The vault guard hits you but does no damage.
The vault guard hits you with a +0 war axe!
* * * LOW HITPOINT WARNING * * *
You block the vault guard's attack.
You are engulfed in blazing flames.
You resist.
* * * LOW HITPOINT WARNING * * *
The vault guard is engulfed in blazing flames.
Flame seeps out of the vault guard.
The vault guard hits you but does no damage.
The vault warden is engulfed in blazing flames.
Flame seeps out of the vault warden.
The vault guard is engulfed in blazing flames.
Flame seeps out of the vault guard.
You block the vault guard's attack.
The vault guard is engulfed in blazing flames.
Flame seeps out of the vault guard.
The vault guard hits you with a +0 battleaxe!
* * * LOW HITPOINT WARNING * * *
The vault guard is engulfed in blazing flames.
Flame seeps out of the vault guard.
You block the vault guard's attack.
The vault guard hits you from afar with a +0 halberd!
* * * LOW HITPOINT WARNING * * *
The vault guard is engulfed in blazing flames.
Flame seeps out of the vault guard.
The vault guard hits you with a +0 great mace.
* * * LOW HITPOINT WARNING * * *
The vault guard hits you with a +0 war axe.
* * * LOW HITPOINT WARNING * * *
The vault guard is engulfed in blazing flames.
Flame seeps out of the vault guard.
The vault guard hits you with a +0 battleaxe!!
You die...

, , * ,* , * , , ,
, ,, ,....#....#,,
, ** ,
...o#....##+, ,,,,
* , ,, ,
,..).......# * * *
* *
###........####* *
, , , ,
......pp......., ,
, , .....pppp......
, ,, , ,
,.....ppppp....., ,
, ....§§p@pp.....,
, , ***
###.§§pppp.#### * *
,
,,,,..C.§§§§pp.....
, , , ,
....#§§..#..##. ,
,, , , ...
#....#.T# , * , ,,,
.. ,#....# ..# ,,,
, ,, ,, . ,,#....#,
..# , , , ,,#....#
... , , * , , *** ,


You could see a vault warden (inner flame), 18 vault guards, an ettin, a deep
troll, an ironbound convoker (inner flame) and an orc.

Vanquished Creatures
  Bai Suzhen (Vaults:3)
  Nikola (Elf:2)
  A tentacled monstrosity (Vaults:4)
  A lich (Vaults:3)
  Asterion (Elf:1)
  4 deep elf blademasters (Elf:3)
  2 deep elf master archers (Elf:3)
  A kraken (Shoals:3)
  5 sphinxes
  Polyphemus (Shoals:2)
  A tengu reaver (Vaults:3)
  Donald (Elf:1)
  2 nagarajas (Snake:4)
  Agnes (Elf:2)
  Ilsuiw (Shoals:2)
  3 frost giants
  3 fire giants
  3 deep elf sorcerers (Elf:3)
  6 vault wardens
  A cacodemon (WizLab)
  4 deep elf elementalists
  The ghost of BlueFish the Blocker, a journeyman MiFi of Yredelemnul (Orc:2)
  2 stone giants
  An orc warlord (Orc:2)
  13 ironbound preservers
  A demonspawn blood saint (WizLab)
  5 ironbound thunderhulks
  4 war gargoyles
  A lorocyproca (WizLab)
  2 deep elf annihilators (Elf:3)
  6 deep elf demonologists
  A minotaur (Gauntlet)
  11 dire elephants
  A green death (WizLab)
  7 deep elf death magi
  A blizzard demon (WizLab)
  4 ettins
  11 merfolk impalers
  A crystal guardian (Vaults:4)
  5 great orbs of eyes
  Josephine (Orc:1)
  An entropy weaver (shapeshifter) (Elf:1)
  13 yaktaur captains
  10 deep elf high priests
  An entropy weaver (Vaults:2)
  6 hydras
  7 merfolk javelineers
  An ice dragon (Vaults:3)
  A hell beast (Gauntlet)
  2 salamander tyrants
  3 peacekeepers
  2 ogre magi
  7 ironbound frosthearts
  26 vault guards
  A death knight (D:15)
  17 centaur warriors
  The ghost of baller8008 the Grappler, a novice TrBe of Trog (D:8)
  2 merfolk aquamancers (Shoals:4)
  26 dancing weapons
  The ghost of Keluf the Fighter, a journeyman GrFi of the Shining One (D:15)
  7 anacondas
  2 catoblepae
  4 merfolk avatars
  6 death yaks
  3 tengu warriors
  3 boulder beetles
  7 two-headed ogres
  2 orc high priests (Orc:2)
  A vampire mage (Vaults:3)
  A deep troll earth mage (D:15)
  The ghost of DeathPants the Covert, a journeyman VSEn of Gozag (D:11)
  A shock serpent (shapeshifter) (Vaults:4)
  4 shock serpents
  12 naga warriors
  8 naga sharpshooters
  2 sun demons (WizLab)
  17 deep elf knights
  A hell knight (Elf:3)
  2 soul eaters (WizLab)
  4 salamander mystics (Snake:4)
  8 skeletal warriors
  2 sixfirhies (WizLab)
  16 sea snakes
  25 deep trolls
  A sea snake (shapeshifter) (Vaults:4)
  3 glowing orange brains
  A flayed ghost (D:15)
  6 wizards
  23 deep elf archers
  Pikel (D:8)
  4 naga ritualists (Snake:4)
  2 necromancers
  6 lindwurms
  8 orc knights
  A harpy (shapeshifter) (Elf:2)
  An iron dragon zombie (D:15)
  26 deep elf pyromancers
  32 harpies
  15 ironbound convokers
  2 fire giant zombies (D:15)
  32 deep elf zephyrmancers
  2 orc sorcerers (Orc:2)
  6 fauns
  20 ugly things
  6 mana vipers
  14 salamanders
  A sphinx skeleton (Vaults:2)
  14 manticores
  7 merfolk sirens
  11 cyclopes
  A stone giant skeleton (D:15)
  13 guardian serpents
  4 rust devils (WizLab)
  17 vault sentinels
  Maurice (Orc:1)
  9 elephants (Lair:5)
  34 black mambas
  2 eyes of devastation
  12 naga magi
  4 water nymphs
  2 torpor snails (Lair:5)
  2 smoke demons (WizLab)
  2 orange demons (WizLab)
  2 gargoyles
  A hellion (WizLab)
  11 cane toads
  3 elf skeletons (Vaults:2)
  2 freezing wraiths
  4 yaktaur skeletons (Vaults:2)
  An efreet (D:15)
  8 komodo dragons
  2 tengu conjurers (D:13)
  32 yaktaurs
  2 ice devils (WizLab)
  2 tormentors (WizLab)
  A yaktaur (shapeshifter) (D:13)
  3 hellwings (WizLab)
  A red devil (WizLab)
  13 trolls
  6 meliai
  3 hornets (Lair:5)
  3 wind drakes
  20 merfolk
  5 polar bears
  16 dream sheep
  15 blink frogs
  11 slime creatures
  11 snapping turtles
  Sigmund (D:4)
  A vampire (D:14)
  3 shadows (D:11)
  5 water elementals
  An air elemental (Elf:3)
  7 wraiths
  38 yaks
  11 spriggans (Lair:5)
  2 ynoxinuls (WizLab)
  2 fire elementals
  A wyvern (D:7)
  3 redbacks (Vaults:2)
  A golden eye (Gauntlet)
  5 basilisks
  A steam dragon (D:6)
  A chaos spawn (WizLab)
  43 nagas
  5 wargs
  2 acid dragons
  A floating eye (Vaults:3)
  A glowing shapeshifter skeleton (Vaults:2)
  11 water moccasins
  5 black bears
  4 sky beasts
  27 orc warriors
  An ice beast (D:8)
  A black bear (shapeshifter) (D:14)
  7 boggarts
  8 ogres
  30 wolves
  4 human skeletons (Vaults:2)
  A centaur (shapeshifter) (D:13)
  14 centaurs
  2 phantoms
  2 kobold brigands
  The ghost of McMuffin the Digger, an amateur GrEE (D:3)
  16 bullfrogs
  3 earth elementals (Elf:1)
  2 gnoll sergeants
  2 necrophages
  7 scorpions
  7 wights
  8 killer bees
  An electric eel (Lair:3)
  4 howler monkeys
  7 jellies
  4 hounds
  19 orc priests
  18 orc wizards
  6 iguanas
  2 gnoll boudas
  19 hell rats (Lair:5)
  4 mummies
  22 gnolls
  7 adders
  A white imp (D:5)
  2 ufetubi
  2 dart slugs
  54 orcs
  7 ball pythons
  7 bats
  9 endoplasms
  3 giant cockroaches
  5 hobgoblins
  5 jackals
  2 quokkas
  2 frilled lizards (D:1)
  3 gnoll skeletons (Ossuary)
  4 gnoll zombies (Ossuary)
  15 goblins
  5 goblin skeletons (Ossuary)
  5 goblin zombies (Ossuary)
  4 hobgoblin skeletons (Ossuary)
  2 hobgoblin zombies (Ossuary)
  9 kobolds
  4 kobold skeletons (Ossuary)
  8 kobold zombies
  4 orc skeletons (Ossuary)
  4 orc zombies (Ossuary)
  11 rats
  4 rat skeletons (Ossuary)
  4 rat zombies (Ossuary)
  A tentacle (Shoals:3)
1513 creatures vanquished.

Vanquished Creatures (collateral kills)
  Saint Roka (Vaults:4)
  A titan (Vaults:3)
  A shadow dragon (Vaults:3)
  An orc warlord (Vaults:3)
  3 vault wardens
  2 very ugly things (Vaults:3)
  An ironbound preserver (Vaults:3)
  A great orb of eyes (Vaults:3)
  A peacekeeper (Vaults:2)
  An ironbound frostheart (Vaults:3)
  A deep troll (Vaults:1)
  A wizard (Vaults:4)
  A lindwurm (Vaults:4)
  3 ugly things (Vaults:4)
  2 vault sentinels (Vaults:3)
  2 yaktaurs
  2 hornets (Lair:5)
  A blink frog (Lair:4)
  4 slime creatures (Vaults:2)
  3 spriggans (Lair:5)
  Menkaure (Ossuary)
  A warg (Vaults:4)
  A naga (Snake:1)
  Edmund (D:4)
  2 water moccasins
  A floating eye (Vaults:3)
  An orc warrior (Vaults:4)
  A wolf (Lair:5)
  A lemure (D:7)
  A bullfrog (Lair:2)
  A wight (D:7)
  A howler monkey (D:9)
  An orc wizard (Vaults:4)
  3 orcs (Vaults:4)
  A goblin skeleton (Ossuary)
51 creatures vanquished.

Vanquished Creatures (others)
  A deep elf knight (Elf:2)
  A deep elf pyromancer (Elf:1)
  A water elemental (Elf:1)
  A human (D:8)
  A shadow imp (D:6)
  14 ball lightnings
  A demonic plant (Gauntlet)
  45 fungi
  95 plants
  21 tentacles (Shoals:3)
  6 withered plants
187 creatures vanquished.

Grand Total: 1751 creatures vanquished

Notes
Turn   | Place    | Note
-------+----------+-------------------------------------------
     0 | D:1      | Zonian the Djinni Ice Elementalist began the quest for the
                  | Orb.
     0 | D:1      | Zonian set off with the following spells memorised: Freeze,
                  | Frozen Ramparts, Ozocubu's Armour, Summon Ice Beast.
     0 | D:1      | Reached XP level 1. HP: 15/15 MP: 0/0
   218 | D:1      | Reached XP level 2. HP: 20/21 MP: 0/0
   538 | D:1      | Reached XP level 3. HP: 25/25 MP: 0/0
   538 | D:1      | Learned a level 1 spell: Apportation
  1159 | D:2      | Found a faded altar of an unknown god.
  1420 | D:2      | Reached XP level 4. HP: 31/31 MP: 0/0
  2514 | D:3      | Found a runed translucent door.
  2518 | D:3      | Noticed McMuffin's ghost (amateur GrEE)
  2665 | D:3      | Found Zotankuc's General Store.
  2672 | D:3      | Bought a scroll of fear for 52 gold pieces
  2889 | D:3      | Reached XP level 5. HP: 35/35 MP: 0/0
  2889 | D:3      | Learned a level 2 spell: Wereblood
  2972 | D:3      | Bought a scroll of enchant weapon for 97 gold pieces
  3229 | D:3      | Found a snail-covered altar of Cheibriados.
  3360 | D:4      | Reached skill level 5 in Spellcasting
  3360 | D:4      | Reached XP level 6. HP: 14/40 MP: 0/0
  3997 | D:4      | Found Ipyuta's General Store.
  4212 | D:4      | Noticed Sigmund
  4247 | D:4      | Found Hufomnu's Antique Weapon Emporium.
  4365 | D:4      | Found Quofod's Jewellery Shop.
  4455 | D:4      | Found a glowing silver altar of Zin.
  4730 | D:4      | Found a shimmering altar of Xom.
  4740 | D:4      | Found Fukuekhlu's Jewellery Shop.
  4789 | D:4      | Reached XP level 7. HP: 45/45 MP: 0/0
  4789 | D:4      | Learned a level 3 spell: Call Canine Familiar
  4872 | D:4      | Noticed Edmund
  4884 | D:4      | Killed Edmund
  5334 | D:4      | Killed Sigmund
  5443 | D:5      | Entered Level 5 of the Dungeon
  5474 | D:5      | Reached XP level 8. HP: 16/50 MP: 0/0
  5511 | D:5      | Found Hajedatt's Distillery.
  5516 | D:5      | Bought a potion of berserk rage for 70 gold pieces
  5571 | D:5      | Found a sand-covered staircase.
  5588 | Ossuary  | Entered an ossuary
  6757 | Ossuary  | Noticed Menkaure
  6762 | Ossuary  | Killed Menkaure
  7207 | D:5      | Reached skill level 1 in Ranged Weapons
  7582 | D:5      | Found a hide-covered altar of Uskayaw.
  7675 | D:6      | Reached skill level 8 in Fighting
  7675 | D:6      | Reached skill level 10 in Spellcasting
  7675 | D:6      | Reached XP level 9. HP: 61/71 MP: 0/0
  7675 | D:6      | Learned a level 4 spell: Airstrike
  7846 | D:6      | Found a broken altar of Ashenzari.
  7898 | D:6      | Became a worshipper of Ashenzari the Shackled
  8197 | D:6      | Reached XP level 10. HP: 76/76 MP: 0/0
  9174 | D:6      | Identified the +3 helmet of Xom, Imbibing {rPois Regen+
                  | Str+4}
  9345 | D:6      | Reached skill level 5 in Ranged Weapons
  9632 | D:7      | Found a sparkling altar of Nemelex Xobeh.
  9708 | D:7      | Found a staircase to the Ecumenical Temple.
 10288 | D:7      | Found Nimuas's Antique Weapon Boutique.
 10444 | D:7      | Identified the +2 ring mail "Jymn" {MP+9 SInv}
 10594 | D:8      | Noticed Pikel
 10714 | D:8      | Killed Pikel
 10834 | D:8      | Reached * piety under Ashenzari
 11136 | D:8      | Reached XP level 11. HP: 84/84 MP: 0/0
 11136 | D:8      | Learned a level 5 spell: Borgnjor's Vile Clutch
 11157 | D:8      | Found an ornate altar of the Wu Jian Council.
 11640 | D:8      | Reached skill level 1 in Armour
 11706 | D:8      | Found a runed translucent gate.
 11706 | D:8      | Found a runed translucent gate.
 11706 | D:8      | Found a runed translucent gate.
 11707 | D:8      | Found an opulent altar of Gozag.
 11711 | D:8      | Noticed baller8008's ghost (novice TrBe)
 11711 | D:8      | Noticed a skeletal warrior
 12391 | D:9      | Found a stormy altar of Qazlal.
 12397 | D:9      | Reached ** piety under Ashenzari
 12426 | D:9      | Found a bloodstained altar of Trog.
 12542 | D:9      | Noticed a two-headed ogre
 12547 | D:9      | Killed a two-headed ogre
 12969 | D:10     | Entered Level 10 of the Dungeon
 13940 | D:4      | Bought a ring of wizardry for 420 gold pieces
 13942 | D:4      | Reached *** piety under Ashenzari
 14546 | D:11     | Noticed a cyclops
 14556 | D:11     | Killed a cyclops
 14691 | D:11     | Reached XP level 12. HP: 93/93 MP: 0/0
 14919 | D:11     | Found a staircase to the Lair.
 14931 | Lair:1   | Entered Level 1 of the Lair of Beasts
 15161 | Lair:1   | Reached skill level 10 in Ranged Weapons
 16070 | Lair:2   | Found an ornate altar of the Wu Jian Council.
 16112 | Lair:2   | Reached skill level 9 in Fighting
 16333 | Lair:2   | Found a staircase to the Snake Pit.
 16391 | Lair:2   | Identified the +6 ring mail "Torghozxa" {Harm Int-3 SInv
                  | Stlth+}
 16435 | Lair:2   | Reached skill level 10 in Fighting
 16651 | Lair:2   | Noticed an eight-headed hydra
 16656 | Lair:2   | Killed an eight-headed hydra
 16657 | Lair:2   | Reached XP level 13. HP: 98/105 MP: 0/0
 16657 | Lair:2   | Learned a level 5 spell: Freezing Cloud
 17018 | Lair:3   | Reached skill level 11 in Fighting
 17356 | Lair:3   | Found a staircase to the Shoals.
 17542 | Lair:3   | Noticed a seven-headed hydra
 17549 | Lair:3   | Killed a seven-headed hydra
 17550 | Lair:3   | Reached skill level 12 in Fighting
 18950 | Lair:4   | Identified the +0 ring mail "Jogioj" {rPois Will- MP+9
                  | Dex+2}
 19567 | Lair:5   | Entered Level 5 of the Lair of Beasts
 19576 | Lair:5   | Noticed a four-headed hydra
 19587 | Lair:5   | Killed a four-headed hydra
 20406 | Lair:5   | Reached XP level 14. HP: 116/116 MP: 0/0
 20606 | Lair:5   | Reached skill level 5 in Dodging
 21089 | Lair:5   | Reached skill level 5 in Stealth
 21187 | Lair:5   | Found a staircase to the Slime Pits.
 21306 | Lair:5   | Reached skill level 5 in Armour
 21681 | Lair:5   | HP: 2/116 [spriggan rider/+0 spear (19)]
 22734 | D:11     | Found a runed translucent gate.
 22736 | D:11     | Found a runed translucent gate.
 22736 | D:11     | Found a runed translucent gate.
 22739 | D:11     | Noticed DeathPants's ghost (journeyman VSEn)
 23188 | D:12     | Found a gate leading to a gauntlet.
 23204 | Gauntlet | Entered a Gauntlet
 23204 | Gauntlet | Found a transporter.
 23204 | Gauntlet | Found a transporter.
 23204 | Gauntlet | Found a runed translucent gate.
 23204 | Gauntlet | Found a runed translucent gate.
 23204 | Gauntlet | Found a runed translucent gate.
 23219 | Gauntlet | Found a transporter.
 23222 | Gauntlet | Found a transporter.
 23253 | Gauntlet | Reached skill level 1 in Evocations
 23274 | Gauntlet | Found a transporter.
 23274 | Gauntlet | Found a transporter.
 23316 | Gauntlet | Found a transporter.
 23316 | Gauntlet | Found a transporter.
 23326 | Gauntlet | Reached **** piety under Ashenzari
 23335 | Gauntlet | Found a transporter.
 23335 | Gauntlet | Found a transporter.
 23372 | Gauntlet | Found a transporter.
 23372 | Gauntlet | Found a transporter.
 23421 | Gauntlet | Identified the ring of the Sun {Ice MP+9}
 23505 | Gauntlet | Noticed a minotaur
 23512 | Gauntlet | Killed a minotaur
 23641 | D:12     | Reached skill level 1 in Shields
 24158 | D:12     | Found a staircase to the Orcish Mines.
 24946 | D:13     | Reached XP level 15. HP: 66/122 MP: 0/0
 24946 | D:13     | Learned a level 6 spell: Conjure Ball Lightning
 25054 | D:13     | Noticed a fire giant
 25827 | D:13     | Killed a fire giant
 26506 | D:14     | Reached skill level 13 in Fighting
 26557 | D:14     | Found a gate to the Vaults.
 26828 | D:15     | Entered Level 15 of the Dungeon
 27862 | D:15     | Reached skill level 14 in Fighting
 28924 | D:15     | Reached skill level 5 in Evocations
 29038 | D:15     | Found a staircase to the Depths.
 29066 | D:15     | Noticed a fire giant
 29066 | D:15     | Noticed Keluf's ghost (journeyman GrFi)
 29069 | D:15     | Identified the +4 broad axe of Zunureih {speed, rPois rN+
                  | Int-2 Dex+2}
 29082 | D:15     | Found a runed translucent gate.
 29082 | D:15     | Found a runed translucent gate.
 29082 | D:15     | Found a runed translucent gate.
 29280 | D:15     | Found a blossoming altar of Fedhas.
 29676 | Orc:1    | Entered Level 1 of the Orcish Mines
 29683 | Orc:1    | Reached XP level 16. HP: 116/132 MP: 0/0
 30047 | Orc:1    | Noticed Josephine
 30056 | Orc:1    | Killed Josephine
 30432 | Orc:2    | Entered Level 2 of the Orcish Mines
 30472 | Orc:2    | Found a staircase to the Elven Halls.
 30982 | Orc:1    | Noticed Maurice
 30989 | Orc:1    | Killed Maurice
 31331 | Orc:2    | Found a runed translucent gate.
 31332 | Orc:2    | Found a runed translucent gate.
 31333 | Orc:2    | Found a runed translucent gate.
 31333 | Orc:2    | Noticed BlueFish's ghost (journeyman MiFi)
 31337 | Orc:2    | Found an iron altar of Okawaru.
 32638 | Orc:2    | Found Plog's General Store.
 32660 | Orc:2    | Found Axiol's Book Shop.
 32676 | Orc:2    | Found Rogheov's Antique Weapon Shop.
 32839 | Orc:2    | Found Joff's Antique Armour Shop.
 32995 | Orc:2    | Bought the +5 short sword of Urheub {vorpal, +Blink rCorr
                  | Str+4} for 977 gold pieces
 33131 | Snake:1  | Entered Level 1 of the Snake Pit
 33363 | Snake:1  | Reached skill level 1 in Short Blades
 36835 | Snake:2  | Reached skill level 5 in Short Blades
 37130 | Snake:2  | Found a shadowy altar of Dithmenos.
 37706 | Snake:2  | Identified a scroll of acquirement
 37852 | Snake:2  | Acquired the ring "Zogofom" {Dex+6 Slay+2}
 38857 | Snake:2  | Reached XP level 17. HP: 122/138 MP: 0/0
 38857 | Snake:2  | Learned a level 6 spell: Dispersal
 40365 | Snake:4  | Entered Level 4 of the Snake Pit
 40772 | Snake:4  | Reached skill level 15 in Fighting
 41686 | Snake:4  | Found Saudas's Antique Weapon Shoppe.
 41689 | Snake:4  | Found Makuq's Jewellery Emporium.
 41691 | Snake:4  | Found Tatis's Assorted Antiques.
 41695 | Snake:4  | Bought a steaming short sword for 224 gold pieces
 41695 | Snake:4  | Identified the +5 short sword "Orb Guardian's Doom"
                  | {vorpal, Contam Str+3 Dex+4} (You bought it in a shop on
                  | level 4 of the Snake Pit)
 41709 | Snake:4  | Bought a scroll of fog for 136 gold pieces
 42933 | Snake:4  | Reached skill level 16 in Fighting
 44509 | Snake:4  | Got a serpentine rune of Zot
 44836 | Shoals:1 | Entered Level 1 of the Shoals
 44962 | Shoals:1 | Found a flickering gateway to a bazaar.
 44985 | Bazaar   | Entered a bazaar
 45005 | Bazaar   | Found Feugij's Weapon Emporium.
 45005 | Bazaar   | Found Voryam's Weapon Emporium.
 45041 | Bazaar   | Found Suraf's Antique Weapon Shoppe.
 45041 | Bazaar   | Found Fisil's Magic Scroll Shoppe.
 45047 | Bazaar   | Bought a transparent falchion for 176 gold pieces
 45047 | Bazaar   | Identified the +7 falchion of Furoost {vorpal, Contam rF++
                  | rN+++ Str+2} (You bought it in a shop in a bazaar)
 45061 | Bazaar   | Bought a scroll of teleportation for 36 gold pieces
 45061 | Bazaar   | Bought a scroll of poison for 48 gold pieces
 45095 | Bazaar   | Bought a throwing net for 33 gold pieces
 45109 | Bazaar   | Bought 4 silver javelins for 153 gold pieces
 45576 | Shoals:1 | Reached XP level 18. HP: 94/148 MP: 0/0
 45927 | Shoals:1 | Reached skill level 5 in Shields
 46749 | Shoals:2 | Noticed Roxanne
 46858 | Shoals:2 | Noticed Ilsuiw
 46875 | Shoals:2 | Killed Ilsuiw
 47350 | Shoals:2 | Noticed Polyphemus
 47362 | Shoals:2 | Killed Polyphemus
 48070 | Shoals:3 | Noticed a kraken
 48117 | Shoals:3 | Killed a kraken
 48360 | Shoals:3 | Found a flickering gateway to a bazaar.
 48382 | Bazaar   | Entered a bazaar
 48409 | Bazaar   | Found Hunyalux's Assorted Antiques.
 48409 | Bazaar   | Found Epnifo's Antique Armour Shoppe.
 48436 | Bazaar   | Found Satikhua's Book Emporium.
 48436 | Bazaar   | Found Ufig's Distillery.
 48738 | Shoals:3 | Noticed a kraken
 48915 | Shoals:4 | Entered Level 4 of the Shoals
 49349 | Shoals:4 | Identified the ring "Voceops" {rElec rC+ Dex+5}
 49388 | Shoals:4 | Reached skill level 1 in Throwing
 50189 | Shoals:4 | Reached XP level 19. HP: 154/156 MP: 0/0
 50189 | Shoals:4 | Learned a level 7 spell: Dragon Form
 50984 | Shoals:4 | Reached skill level 15 in Spellcasting
 51649 | Shoals:4 | Got a barnacled rune of Zot
 52191 | Elf:1    | Entered Level 1 of the Elven Halls
 52653 | Elf:1    | Noticed Donald
 52682 | Elf:1    | Killed Donald
 52942 | Elf:1    | Identified the Anthology of the Seventy-Seven Lives
 53947 | Elf:1    | Found the +8 autumn katana {vorpal, manifold assault}
 53978 | Elf:1    | Reached skill level 1 in Long Blades
 54300 | Elf:1    | Noticed an Ice Fiend
 54709 | Elf:1    | Noticed Asterion
 54728 | Elf:1    | Killed Asterion
 54958 | Elf:2    | Reached skill level 5 in Long Blades
 55070 | Elf:2    | Noticed Nikola
 55438 | Elf:2    | Killed Nikola
 55455 | Elf:2    | Reached XP level 20. HP: 93/164 MP: 0/0
 56635 | Elf:2    | Found a hide-covered altar of Uskayaw.
 57037 | Elf:2    | Found a huge runed translucent gate.
 57054 | Elf:2    | Found a huge runed translucent gate.
 57054 | Elf:2    | Found a huge runed translucent gate.
 57055 | Elf:2    | Found a huge runed translucent gate.
 57055 | Elf:2    | Found a huge runed translucent gate.
 57411 | Elf:3    | Entered Level 3 of the Elven Halls
 57411 | Elf:3    | Noticed Agnes
 57418 | Elf:2    | Killed Agnes
 57794 | Elf:3    | Found Feimonn's Magic Scroll Boutique.
 57802 | Elf:3    | Bought a scroll of blinking for 97 gold pieces
 57802 | Elf:3    | Bought a scroll of enchant armour for 97 gold pieces
 57810 | Elf:3    | Found Pontuag's Distillery.
 57892 | Elf:3    | Found Viet Ino's Antique Weapon Emporium.
 59579 | Elf:3    | Found Tuysue's Assorted Antiques.
 59587 | Elf:3    | Bought a scroll of enchant weapon for 165 gold pieces
 60396 | Elf:3    | Identified the +3 leather armour of the Elephant {rF+++ rC+
                  | MP-9 Int+3}
 60427 | Elf:3    | Noticed an Ice Fiend
 60430 | Elf:3    | Reached skill level 10 in Evocations
 60758 | Elf:3    | Identified the +4 long sword "Ytiow" {drain, rC+ rN+ Dex+6
                  | Stlth-}
 60989 | Elf:3    | Identified the Anthology of the Salvo and Enchantment
 60992 | Elf:3    | Identified the Papyrus of Hurting and Hexing
 61984 | Elf:2    | Upgraded the game from 0.30-a0-439-g9e77e4d916 to
                  | 0.30-a0-451-ge042605de7
 62134 | Elf:2    | Reached skill level 17 in Fighting
 62287 | Elf:2    | Reached XP level 21. HP: 113/172 MP: 0/0
 62287 | Elf:2    | Learned a level 7 spell: Haunt
 62673 | Elf:2    | HP: 7/173 [+0 antimagic morningstar (26)]
 63272 | Vaults:1 | Entered Level 1 of the Vaults
 63454 | Vaults:1 | Reached ***** piety under Ashenzari
 63612 | Vaults:1 | Reached skill level 10 in Shields
 64724 | Vaults:1 | Identified the cursed scarf "Share My Affliction"
                  | {repulsion, Melee, Self} (You found it on level 1 of the
                  | Lair of Beasts)
 64724 | Vaults:1 | Identified the cursed +1 pair of gloves of the Chained
                  | Comet {Self, Range} (You found it on level 3 of the Shoals)
 64724 | Vaults:1 | Identified the cursed +3 kite shield of the Mantic Fetters
                  | {AC+3, Self, Melee} (You took it off a tengu warrior on
                  | level 13 of the Dungeon)
 65808 | Vaults:2 | Reached skill level 10 in Long Blades
 65959 | Vaults:2 | Found a magical portal.
 65981 | WizLab   | Entered The Hall of the Hellbinder
 66582 | WizLab   | Identified the Tome of the Union
 67140 | WizLab   | Gained mutation: You are dopey. (Int -2) [a cacodemon]
 67360 | WizLab   | Noticed Biraut
 67767 | WizLab   | Found a burning altar of Makhleb.
 67767 | WizLab   | Identified the Volume of the Gathering
 67850 | Vaults:2 | Reached XP level 22. HP: 163/184 MP: 0/0
 68261 | Vaults:2 | Found Qare's Antique Armour Boutique.
 68870 | Vaults:2 | Reached skill level 10 in Stealth
 69630 | Vaults:2 | Identified the +1 war axe of Guile {freeze, Int+2}
 69771 | Vaults:2 | Found a staircase to the Crypt.
 69980 | Vaults:3 | Found Rinke's Book Shop.
 70040 | Vaults:3 | Found Quylam's Assorted Antiques.
 70055 | Vaults:3 | Bought a scroll of fog for 168 gold pieces
 70274 | Vaults:3 | Found Ycvatoexargh's Weapon Boutique.
 71008 | Vaults:3 | Paralysed by a floating eye for 4 turns
 71019 | Vaults:3 | Identified the +8 quarterstaff of Dim Light {flame, *Noise
                  | rF+ Dex+7}
 71023 | Vaults:3 | Found Quibboac's Jewellery Boutique.
 71023 | Vaults:3 | Found Plog's Antique Armour Boutique.
 71029 | Vaults:3 | Reached skill level 5 in Throwing
 71031 | Vaults:3 | Bought the ring of Xom's Passing Interest {Wiz Str+4} for
                  | 590 gold pieces
 71555 | Vaults:3 | Noticed Bai Suzhen
 71588 | Vaults:3 | Killed Bai Suzhen
 72111 | Vaults:3 | Identified the +5 quarterstaff "Pyhao" {antimagic, Fragile
                  | Will+ Str+4 Dex+3}
 72779 | Vaults:3 | Reached XP level 23. HP: 185/185 MP: 0/0
 72779 | Vaults:3 | Learned a level 7 spell: Spellforged Servitor
 73161 | Vaults:3 | Identified the Compendium of Excavation
 73970 | Vaults:4 | Noticed Saint Roka
 73987 | Vaults:4 | Killed Saint Roka
 74017 | Vaults:4 | Reached skill level 10 in Dodging
 74604 | Vaults:3 | Bought the +0 pair of fencer's gloves {Riposte Dex+3} for
                  | 1240 gold pieces
 74604 | Vaults:3 | Found the +0 pair of fencer's gloves {Riposte Dex+3}
 74954 | Vaults:4 | Identified the +1 ring mail "Iro Pos" {Rampage rN+ Will-}
 75313 | Vaults:4 | Found Ixusat's Jewellery Boutique.
 76020 | D:3      | Killed McMuffin's ghost
 76182 | D:8      | Killed baller8008's ghost
 76398 | D:11     | Killed DeathPants's ghost
 76776 | Orc:2    | Killed BlueFish's ghost
 77235 | D:15     | Killed Keluf's ghost
 77921 | D:3      | Bought a box of beasts for 520 gold pieces
 79070 | Vaults:5 | Entered Level 5 of the Vaults
 79078 | Vaults:5 | Slain by a vault guard

Illustrated notes

Levels and vault maps discovered:
D:1:      dpeg_arrival_ternary, layout_loops_ring
D:2:      layout_basic, nicolae_ecumenical_oubliette
D:3:      cheibrodos_pilgrimage, layout_basic, lemuel_round_altar, serial_shops,
          nicolae_square_shop, ebering_ghost_sewer_d, lightli_corner_chamber
D:4:      layout_basic, mainiacjoe_overflow_brackets, xom_butterflies,
          serial_shops, shop, nicolae_shop_crystal, nicolae_shop_behind_doors,
          nicolae_shop_temple_entry_statues_fountains, sigmund_edmund_badplayer
D:5:      layout_basic, nicolae_uskayaw_suspiria, nicolae_ossuary_entry_giza,
          serial_shops, nicolae_diamond_shop, minivault_23
D:6:      nicolae_whirlpool, layout_cave_pools, amcnicky_altar_gilded,
          minmay_joined_circles
D:7:      layout_basic, lemuel_crystal_altar, minmay_temple_entry_slanted,
          serial_shops, nicolae_shop_trees
D:8:      layout_loops_ring, tgw_kikubaaqudgha,
          chequers_temple_overflow_statue_of_worship, ebering_ghost_gozag,
          uniq_pikel
D:9:      layout_rooms, mainiacjoe_overflow_boulevard,
          nicolae_qazlal_style_of_elements, hangedman_abyss_or_decor_passed,
          dreamdust_mushroom_princess, supply_closet_lemuel, st_stairs_3,
          kennysheep_big_empty_room, kennysheep_potato
D:10:     layout_basic
D:11:     layout_loops_ring, grunt_lair_entry_orc_guard_hut,
          gammafunk_ghost_spectres
D:12:     layout_loops_ring, orc_0_dummy, portal_ice_cave_entry_pillars_2,
          gauntlet_entry_generic, eino_tiny_chamber
D:13:     layout_rooms, minmay_misc_feat_ornament, dreamdust_wishing_well,
          kennysheep_nondescript, hangedman_corner_corridor
D:14:     layout_rooms, erik_vaults_2, serial_park_square3
          [serial_park_minivault_5x5_5]
D:15:     gammafunk_depths_entry_grave, layout_basic, fedhas_altar_4,
          gammafunk_ghost_split
Lair:1:   layout_chaotic_city, infiniplex_staircase_pool
Lair:2:   layout_roguey, minmay_snake_entry_six_corridors, lemuel_oklob_altar
Lair:3:   layout_gridlike, minmay_shoals_entry_hut, wad_woods_river_04,
          beast_lair_carwin_6
Lair:4:   layout_cave_pods
Lair:5:   minmay_lair_end_enchanted_forest, layout_long_grid,
          nicolae_slime_entry_slimehenge
Shoals:1: layout_shoals, serial_shops, bzr_entry_customers, argonaut_gorgonesque
Shoals:2: layout_shoals, uniq_ilsuiw, uniq_roxanne, uniq_polyphemus
Shoals:3: layout_shoals, serial_shops, bzr_entry_dummy
Shoals:4: shoals_end_simple, layout_shoals
Snake:1:  layout_chambers, grunt_megastairs_3
Snake:2:  layout_rooms, basic_altar, nicolae_large_snake_swirl
Snake:3:  layout_gridlike
Snake:4:  johnstein_snake_rune_scales, layout_layer_cave, special_room,
          minmay_shop_star
Orc:1:    layout_diamond_mine, uniq_josephine, uniq_maurice
Orc:2:    grunt_orc_cross, layout_diamond_mine, gammafunk_ghost_fury_of_okawaru,
          basic_altar
Elf:1:    elf_arrival_001, layout_loops_cross, minmay_elf_demonology,
          evilmike_minifort, uniq_asterion, uniq_donald
Elf:2:    elven_hall_of_blades_hangedman_alternative
          [nicolae_blade_entry_diamond_columns], layout_loops_ring,
          nicolae_elf_altarnating, uniq_nikola
Elf:3:    minmay_elf_hall_not_hex, layout_geoelf_castle, serial_shops,
          nicolae_shop_crystal, shop, nicolae_lakefront_shop,
          nicolae_square_shop, sword_in_stone
Vaults:1: v_alt_pattern_2, nicolae_vaults_three_branches, ontoclasm_vaults_eye,
          v_alt_pattern_2, dpeg_vaults_monster_box, layout_vaults_omnigrid
Vaults:2: infiniplex_enter_wizlab_glasses, minmay_crypt_entry_skeletal_spiral,
          hangedman_vaults_stagger, v_misc_14, vaults_room_door_hall,
          hangedman_vaults_stream, vaults_standard_mumra_x,
          ontoclasm_vaults_ligature, nicolae_vaults_network_star, v_pattern_4,
          vaults_room_large_hall, vaults_dpeg_encased_lava,
          layout_vaults_omnibox, serial_shops, shop
Vaults:3: vaults_room_door_hall, ontoclasm_vaults_twist, grunt_vaults_funnel,
          st_greater_box_4, vaults_mumra_chevron, vaults_room_fours,
          vaults_mumra_chevron_long, nicolae_vaults_big_angled_halls,
          nicolae_vaults_windows_and_doors_thing, v_misc_26,
          vaults_room_hallway, vaults_dpeg_diagonal,
          nicolae_vaults_little_squares_2, hangedman_vaults_nails,
          layout_vaults_maze_bifur, serial_shops, shop, shop,
          nicolae_shop_temple_entry_statues_fountains, nicolae_diamond_shop,
          shop, uniq_bai_suzhen
Vaults:4: grunt_vaults_focal, nicolae_vaults_mini_display_case, st_hourglassy,
          nicolae_vaults_diagonal_hallway_6, vaults_room_boxed, v_misc_19,
          vaults_dpeg_hooks, dpeg_vaults_monster_row, hangedman_vaults_locks,
          v_rooms_5, ontoclasm_vaults_decontamination,
          grunt_vaults_hallway_short, layout_vaults_omnicross, serial_shops,
          shop_statue, uniq_saint_roka
Vaults:5: serial_shops

Skill      XL: |  1  2  3  4  5  6  7  8  9 10 11 12 13 14 15 16 17 18 19 20 21 22 23 |
---------------+----------------------------------------------------------------------+-----
Stealth        | 2 6 8 12 | 12.0
Spellcasting   | 4 5 6 10 12 14 15 | 15.3
Ranged Weapons | 1 2 6 8 10 11 | 11.6
Fighting       | 8 10 12 14 16 17 | 17.3
Dodging        | 3 4 6 7 8 13 | 13.8
Armour         | 4 6 9 |  9.4
Evocations     | 4 5 8 10 | 10.0
Shields        | 2 4 7 9 11 | 11.5
Short Blades   | 6 |  6.1
Throwing       | 3 7 8 |  8.1
Long Blades    | 6 8 11 | 11.1

Action                   |  1- 3 |  4- 6 |  7- 9 | 10-12 | 13-15 | 16-18 | 19-21 | 22-24 || total
-------------------------+-------+-------+-------+-------+-------+-------+-------+-------++-------
Melee: Short sword       |    10 |       |       |       |       |   112 |    70 |       ||   192
       Dagger            |       |     8 |    17 |       |       |       |       |       ||    25
       Flail             |       |       |       |     2 |       |       |       |       ||     2
       Falchion          |       |       |       |       |    41 |       |       |       ||    41
       Katana            |       |       |       |       |       |       |   332 |   604 ||   936
       Quick blade       |       |       |       |       |       |       |    43 |   659 ||   702
       Unarmed           |       |       |       |       |       |       |     2 |       ||     2
       Tailslap          |       |       |       |       |       |       |     1 |       ||     1
 Fire: Sling             |    81 |   127 |   226 |   646 |  1092 |  1876 |   765 |    49 ||  4862
Throw: Throwing net      |       |       |       |       |       |     2 |     3 |       ||     5
       Dart              |       |       |       |       |       |     2 |     2 |       ||     4
       Javelin           |       |       |       |       |       |       |     2 |     2 ||     4
 Cast: Freeze            |    11 |    11 |       |       |       |       |       |       ||    22
       Frozen Ramparts   |       |     1 |     7 |    27 |    31 |    27 |    12 |    10 ||   115
       Ozocubu's Armour  |       |       |     2 |     8 |    20 |     7 |     1 |     2 ||    40
       Summon Ice Beast  |       |       |     2 |     8 |     6 |     4 |     1 |       ||    21
       Call Canine Famil |       |       |     1 |       |       |     1 |     1 |     3 ||     6
       Borgnjor's Vile C |       |       |       |     3 |    18 |    14 |   168 |    42 ||   245
       Airstrike         |       |       |       |     5 |    47 |   102 |    79 |    41 ||   274
       Freezing Cloud    |       |       |       |       |    10 |    51 |    22 |     4 ||    87
       Conjure Ball Ligh |       |       |       |       |       |     1 |     4 |       ||     5
       Dispersal         |       |       |       |       |       |    19 |    10 |     5 ||    34
       Wereblood         |       |       |       |       |       |       |     3 |     1 ||     4
       Haunt             |       |       |       |       |       |       |     9 |    27 ||    36
       Dragon Form       |       |       |       |       |       |       |     1 |       ||     1
       Spellforged Servi |       |       |       |       |       |       |       |     2 ||     2
Invok: Curse Item        |       |       |       |     5 |     1 |     1 |     2 |     1 ||    10
       Shatter the Chain |       |       |       |       |       |     2 |       |     2 ||     4
 Abil: Evoke Blink       |       |       |       |       |       |     3 |     2 |       ||     5
       Breathe Fire      |       |       |       |       |       |       |     1 |       ||     1
Evoke: Lightning rod     |       |       |       |       |     9 |    13 |     9 |     3 ||    34
       Wand              |       |       |       |       |    20 |    27 |     5 |     2 ||    54
       Phial of floods   |       |       |       |       |     2 |     1 |     1 |       ||     4
  Use: Scroll            |     4 |    13 |     8 |     6 |     7 |     5 |    15 |     5 ||    63
       Potion            |       |       |     1 |     1 |     1 |     1 |     7 |       ||    11
 Stab: Sleeping          |     1 |       |       |       |       |     2 |     2 |    15 ||    20
       Petrified         |       |       |       |       |       |     2 |       |       ||     2
       Held in net/web   |       |       |       |       |       |       |     5 |       ||     5
       Distracted        |       |       |       |       |       |       |     1 |     5 ||     6
       Confused          |       |       |       |       |       |       |     1 |       ||     1
Armor: Robe              |     5 |    17 |    16 |    20 |       |       |       |       ||    58
       Steam dragon scal |       |       |       |    39 |       |       |       |       ||    39
       Scale mail        |       |       |       |    75 |   267 |   327 |   147 |   172 ||   988
       Skin              |       |       |       |       |       |       |     4 |       ||     4
       Ring mail         |       |       |       |       |       |       |       |     4 ||     4
Dodge: Dodged            |    32 |    66 |    67 |   210 |   284 |   376 |   197 |   206 ||  1438
       Repelled          |       |       |       |       |     1 |    26 |    15 |     3 ||    45
Block: Other             |       |       |     3 |    92 |    74 |       |     3 |       ||   172
       Reflection        |       |       |       |     7 |    17 |    72 |    97 |    71 ||   264
       Buckler           |       |       |       |       |   117 |   290 |       |       ||   407
       Kite shield       |       |       |       |       |       |   536 |   647 |   638 ||  1821
       Rpst.: Katana     |       |       |       |       |       |       |       |    56 ||    56

Table legend: (Time is in decaauts)
 A = Elapsed time spent in this place.
 B = Non-inter-level travel time spent in this place.
 C = Inter-level travel time spent in this place.
 D = Time resting spent in this place.
 E = Time spent auto-exploring this place.
 F = Levels seen in this place.
 G = Mean time per level.
                   A        B        C        D        E       F      G
               +--------+--------+--------+--------+--------+-----+--------+
         Total |  78578 |  73045 |   5533 |  34261 |  22493 |  43 | 1827.4 |
       Dungeon |  22540 |  19794 |   2746 |   8038 |   7843 |  15 | 1502.7 |
          Lair |   8041 |   7556 |    485 |   2422 |   3534 |   5 | 1608.2 |
        Shoals |   6713 |   6503 |    210 |   2123 |   2215 |   4 | 1678.2 |
     Snake Pit |  11594 |  11420 |    174 |   7118 |   2680 |   4 | 2898.5 |
  Orcish Mines |   3827 |   3558 |    269 |   2073 |    852 |   2 | 1913.5 |
   Elven Halls |  10935 |  10607 |    328 |   6044 |   2093 |   3 | 3645.0 |
        Vaults |  11081 |   9763 |   1318 |   4377 |   3155 |   5 | 2216.2 |
        Bazaar |    384 |    384 |      0 |      0 |      0 |   2 |  192.0 |
       Ossuary |   1273 |   1273 |      0 |    756 |    121 |   1 | 1273.0 |
        Wizlab |   1812 |   1812 |      0 |   1288 |      0 |   1 | 1812.0 |
      Gauntlet |    372 |    372 |      0 |     20 |      0 |   1 |  372.0 |
               +--------+--------+--------+--------+--------+-----+--------+

Top non-repeatable levels by time:
 Snake:4: 4322 daAuts
 Snake:1: 3990 daAuts
   Elf:3: 3935 daAuts
   Elf:2: 3815 daAuts
Vaults:3: 3548 daAuts
   Elf:1: 3184 daAuts
Vaults:1: 2873 daAuts
  Lair:5: 2870 daAuts
   Orc:2: 2518 daAuts
 Snake:2: 2485 daAuts
Vaults:4: 2383 daAuts
Vaults:2: 2270 daAuts
     D:4: 2219 daAuts
Shoals:4: 2166 daAuts
    D:15: 2089 daAuts
